 Dungeon Crawl Stone Soup version 0.24-a0-263-gbee43f9 (webtiles) character file.

Game seed: 11805283554037519799

49 tilp the Sneak (level 3, 0/16 HPs)
             Began as a Spriggan Enchanter on Apr 19, 2019.
             Slain by a leopard gecko (5 damage)
             ... on level 3 of the Dungeon.
             The game lasted 00:04:23 (1791 turns).

tilp the Sneak (Spriggan Enchanter)                 Turns: 1791, Time: 00:04:24

Health: 0/16       AC:  2    Str:  4    XL:     3   Next: 51%
Magic:  2/8        EV: 18    Int: 17    God:
Gold:   88         SH:  0    Dex: 16    Spells: 1/7 levels left

rFire    . . .     SeeInvis +   a - +1 dagger
rCold    . . .     Gourm    .   (shield restricted)
rNeg     . . .     Faith    .   b - +0 robe
rPois    .         Spirit   .   (helmet restricted)
rElec    .         Reflect  .   (no cloak)
rCorr    .         Harm     .   (gloves unavailable)
MR       .....                  (boots unavailable)
Stlth    +++.......             (no amulet)
HPRegen  0.05/turn              (no ring)
MPRegen  0.11/turn              (no ring)

@: very quick
A: very small, unfitting armour, see invisible, herbivore, speed 3, slow
metabolism 2
a: no special abilities


You were on level 3 of the Dungeon.
You were not hungry.

You visited 1 branch of the dungeon, and saw 3 of its levels.

You collected 88 gold pieces.

Inventory:

Hand Weapons
 a - a +1 dagger (weapon)
 i - a +0 hunting sling
Missiles
 e - 108 stones (quivered)
 f - 12 poisoned needles
 k - 48 sling bullets
Armour
 b - a +0 robe (worn)
Scrolls
 g - a scroll of amnesia
 h - a scroll of fog {unknown}
 m - 2 scrolls of identify
 n - a scroll of magic mapping {unknown}
 o - a scroll of teleportation {unknown}
Potions
 d - a potion of might
 j - a potion of invisibility
 l - a potion of curing
Comestibles
 c - 4 rations


   Skills:
 * Level 3.2 Short Blades
 - Level 3.0 Dodging
 + Level 5.3 Stealth
 - Level 2.6 Spellcasting
 - Level 3.6 Hexes


You had one spell level left.
You knew the following spells:

 Your Spells              Type           Power        Failure   Level  Hunger
a - Corona                Hex            ##.....      4%          1    #......
b - Ensorcelled Hibernat  Hex/Ice        #.....       13%         2    ##.....
c - Confuse               Hex            ##......     12%         3    ###....

Your spell library contained the following spells:

 Spells                   Type           Power        Failure   Level  Hunger
 Tukima's Dance           Hex            ##......     12%         3    ###....
 Dazzling Spray           Conj/Hex       #.....       26%         3    ###....


Dungeon Overview and Level Annotations

Branches:
Dungeon (3/15)

Altars:

Annotations:
D:2 Sigmund


Innate Abilities, Weirdness & Mutations

You are very small and have problems with some larger weapons.
You are too small for most types of armour.
You have supernaturally acute eyesight. (SInv)
You are a herbivore.
You cover ground extremely quickly.
You need to consume almost no food.


Message History

Casting: Ensorcelled Hibernation (safe; 13% risk of failure)
Confirm with . or Enter, or press ? or * to list all spells.
Aiming: Corona (safe; 4% risk of failure)
Press: ? - help, Shift-Dir - straight line, f/p - leopard gecko
Aim: a leopard gecko (almost dead, clinging, chance to defeat MR: 68%)
The leopard gecko is outlined in light.
The leopard gecko bites you.
You are too injured to fight recklessly!
You are too injured to fight recklessly!
You are too injured to fight recklessly!
You are too injured to fight recklessly!
You barely miss the leopard gecko.
The leopard gecko is almost dead.
The leopard gecko barely misses you.
You closely miss the leopard gecko.
The leopard gecko is almost dead.
The leopard gecko closely misses you.
You closely miss the leopard gecko.
The leopard gecko is almost dead.
The leopard gecko bites you.
You die...

. ##+## #.# ##...## ...
##.....## ## ###..
##.......## ##.
......###.........####..
#.....l@'.........'.....
##$...###.........####..
##.# ##.......## #.. #
##...).## #.# ##...##
#.# ##+## #.# #.# #.#


You could see a leopard gecko.

Vanquished Creatures
  2 adders
  An adder skeleton (D:2)
  2 leopard geckos
  2 ball pythons
  A giant cockroach (D:1)
  3 goblins (D:1)
  4 hobgoblins
  2 kobolds (D:1)
  3 bats
  4 frilled lizards
  3 rats
27 creatures vanquished.

Notes
Turn   | Place    | Note
-------+----------+-------------------------------------------
     0 | D:1      | tilp the Spriggan Enchanter began the quest for the Orb.
     0 | D:1      | Reached XP level 1. HP: 9/9 MP: 5/5
   281 | D:1      | Reached XP level 2. HP: 13/13 MP: 6/6
   384 | D:1      | Learned a level 2 spell: Ensorcelled Hibernation
   980 | D:2      | Reached skill level 5 in Stealth
  1229 | D:2      | Found a faded altar of an unknown god.
  1240 | D:2      | Reached XP level 3. HP: 16/16 MP: 8/8
  1245 | D:2      | Learned a level 3 spell: Confuse
  1432 | D:2      | Noticed Sigmund
  1791 | D:3      | Slain by a leopard gecko

Levels and vault maps discovered:
D:1:      scummos_arrival_hexagon, layout_loops_ring
D:2:      layout_loops_cross, first_ration, chequers_ecumenical_altar_simple,
          uniq_sigmund
D:3:      layout_loops_corners

Skill      XL: |  1  2  3 |
---------------+----------+-----
Short Blades   | 2 3 |  3.2
Stealth        | 5 |  5.3
Dodging        | |  3.0
Spellcasting   | |  2.6
Hexes          | |  3.6

Action                   || total
-------------------------++-------
Melee: Dagger            ||    82
Throw: Stone             ||     2
 Cast: Corona            ||    10
       Ensorcelled Hiber ||     7
  Use: Scroll            ||     4
 Stab: Sleeping          ||    16
Armor: Robe              ||     5
Dodge: Dodged            ||    58

Table legend:
 A = Non-vault XP
 B = Vault XP
 C = Vault XP percentage of total XP
 D = Non-vault monster count
 E = Vault monster count
 F = Vault count percentage of total count
                 A         B        C        D         E       F
            +---------+---------+-------+---------+---------+-------
      Total |      70 |       0 |   0.0 |      27 |       0 |   0.0
            +---------+---------+-------+---------+---------+-------
        D:1 |      24 |       0 |   0.0 |      14 |       0 |   0.0
        D:2 |      26 |       0 |   0.0 |       7 |       0 |   0.0
        D:3 |      20 |       0 |   0.0 |       6 |       0 |   0.0
            +---------+---------+-------+---------+---------+-------
